 Dungeon Crawl Stone Soup version 0.31-a0-180-g519b7de00c (webtiles) character file.

Game seed: 16542506335533407128

44 qw the Shooter (level 3, -3/32 HPs)
             Began as a Naga Hunter on June 20, 2023.
             Slain by Sigmund
             ... wielding a +3 scythe of venom
              (11 damage)
             ... on level 2 of the Dungeon.
             The game lasted 00:00:29 (1145 turns).

qw the Shooter (Naga Hunter)                        Turns: 1145, Time: 00:00:29

Health: -3/32      AC:  3    Str: 13    XL:     3   Next: 60%
Magic:  3/3        EV:  9    Int:  9    God:
Gold:   84         SH:  0    Dex: 16    Spells: 2/2 levels left

rFire   . . .        a - +0 orcbow
rCold   . . .        (shield currently unavailable)
rNeg    . . .        c - +0 leather armour
rPois   +            e - +0 helmet
rElec   .            (no cloak)
rCorr   .            (no gloves)
SInv    +            (no barding)
Will    .....        (no amulet)
Stlth   ++           (no ring)
HPRegen 0.25/turn    (no ring)
MPRegen 0.08/turn

%: no passive effects
@: very slow
A: AC +1, large, see invisible, deformed body, poison resistance, slowness 2,
spit poison 1, naga tail 1
a: Spit Poison


You were on level 2 of the Dungeon.
You visited 1 branch of the dungeon, and saw 2 of its levels.

You collected 84 gold pieces.


Innate Abilities, Weirdness & Mutations

Your serpentine skin is tough. (AC +1)
You have supernaturally acute eyesight. (SInv)
Armour fits poorly on your strangely shaped body.
Your system is resistant to poisons. (rPois)
You cover ground very slowly.
You can spit poison.
You have a snake-like lower body.


   Skills:
 - Level 2.0 Fighting
 + Level 4.8 Ranged Weapons
 - Level 1.5 Dodging
 - Level 1.5 Stealth


You had 2 spell levels left.
You didn't know any spells.
Your spell library was empty.

Inventory:

Hand Weapons
 a - a +0 orcbow (weapon)
Armour
 c - a +0 leather armour (worn)
 e - a +0 helmet (worn)
Potions
 d - a potion of might {unknown}
 f - a potion of curing
 g - a potion of ambrosia {unknown}

Dungeon Overview and Level Annotations

Branches:
Dungeon (2/15)

Altars:

Annotations:
D:2 Sigmund


Message History

You feel very sick.
Enter note:
Enter note:
Enter note:
Enter note:
Enter note:
Enter note: You feel sick.
Sigmund hits you from afar with a +3 scythe of venom.
You are lethally poisoned!
Enter note:
Enter note:
Enter note:
Enter note:
Enter note:
Enter note:
1141 ||| DRINKING 2 potions of curing.
You feel better.
1141 ||| (to cure poison)
You have got your breath back.
Enter note:
Enter note:
Enter note:
Enter note:
Enter note:
Enter note:
Enter note:
Enter note:
Enter note:
Enter note:
Enter note:
Enter note:
Enter note:
Enter note:
Enter note:
Enter note: Sigmund misses you.
Sigmund says, "You will soon forget everything."
Sigmund hits you with a +3 scythe of venom!
Sigmund hits you from afar with a +3 scythe of venom!
You die...

...................
.....#.####........#
...................
..##.#.####........
.....#.##..........
..####............. ##
.................#####...##
.................#........#
.........##..#+#@#.##..$..#
...............#..@=.......
...............#..%........
...............+...........
..##...........#...........
..#.......................#
..#........................
###................#.......
.....................#.....


You could see Sigmund (invisible).

Vanquished Creatures
  2 dart slugs (D:1)
  7 ball pythons
  4 endoplasms (D:1)
  A giant cockroach (D:1)
  A goblin (D:1)
  4 hobgoblins
  A quokka (D:2)
  5 bats
  5 frilled lizards (D:1)
  2 kobolds (D:1)
  8 rats
40 creatures vanquished.

Notes
Turn   | Place    | Note
-------+----------+-------------------------------------------
     0 | D:1      | qw the Naga Hunter began the quest for the Orb.
     0 | D:1      | Reached XP level 1. HP: 19/19 MP: 1/1
     0 | D:1      | 0 ||| qw: Version: 0.3-a-9-g12657ce
     0 | D:1      | 0 ||| qw: Game counter: 1184
     0 | D:1      | 0 ||| qw: Always use a shield: true
     0 | D:1      | 0 ||| qw: God list: Okawaru
     0 | D:1      | 0 ||| qw: Allow faded altars: false
     0 | D:1      | 0 ||| qw: Do Orc after D:15 true
     0 | D:1      | 0 ||| qw: Do second Lair branch before Depths: true
     0 | D:1      | 0 ||| qw: Lair rune preference: random
     0 | D:1      | 0 ||| qw: Plans: Normal
     0 | D:1      | 0 ||| PLANNING D:1-11
    48 | D:1      | 48 ||| INVOKING Spit Poison.
    58 | D:1      | 58 ||| INVOKING Spit Poison.
    61 | D:1      | 61 ||| INVOKING Spit Poison.
    65 | D:1      | 65 ||| INVOKING Spit Poison.
   188 | D:1      | 188 ||| INVOKING Spit Poison.
   214 | D:1      | 214 ||| INVOKING Spit Poison.
   215 | D:1      | Reached skill level 4 in Ranged Weapons
   215 | D:1      | Reached XP level 2. HP: 26/26 MP: 2/2
   228 | D:1      | 228 ||| INVOKING Spit Poison.
   238 | D:1      | 238 ||| INVOKING Spit Poison.
   259 | D:1      | 259 ||| INVOKING Spit Poison.
   264 | D:1      | 264 ||| INVOKING Spit Poison.
   298 | D:1      | 298 ||| INVOKING Spit Poison.
   301 | D:1      | 301 ||| INVOKING Spit Poison.
   307 | D:1      | 307 ||| INVOKING Spit Poison.
   310 | D:1      | 310 ||| INVOKING Spit Poison.
   315 | D:1      | 315 ||| INVOKING Spit Poison.
   556 | D:1      | 556 ||| INVOKING Spit Poison.
   578 | D:1      | 578 ||| INVOKING Spit Poison.
   698 | D:1      | 698 ||| INVOKING Spit Poison.
   717 | D:1      | 717 ||| INVOKING Spit Poison.
   718 | D:1      | Reached XP level 3. HP: 32/32 MP: 3/3
   733 | D:1      | 733 ||| INVOKING Spit Poison.
   737 | D:1      | 737 ||| INVOKING Spit Poison.
   788 | D:1      | 788 ||| INVOKING Spit Poison.
   806 | D:1      | 806 ||| INVOKING Spit Poison.
   816 | D:1      | 816 ||| INVOKING Spit Poison.
   833 | D:1      | 833 ||| INVOKING Spit Poison.
   924 | D:1      | 924 ||| INVOKING Spit Poison.
   985 | D:1      | 985 ||| UPGRADING to +0 helmet.
   990 | D:1      | 990 ||| READING scroll labelled YMEKUB HABEZ.
   991 | D:1      | 991 ||| DRINKING 2 green potions.
   992 | D:1      | 992 ||| DROPPING scroll of butterflies.
  1007 | D:2      | 1007 ||| INVOKING Spit Poison.
  1012 | D:2      | 1012 ||| INVOKING Spit Poison.
  1038 | D:2      | 1038 ||| SWAPPING to +0 orcbow.
  1039 | D:2      | 1039 ||| DROPPING +0 shortbow.
  1123 | D:2      | 1123 ||| INVOKING Spit Poison.
  1125 | D:2      | Noticed Sigmund
  1128 | D:2      | 1128 ||| INVOKING Spit Poison.
  1133 | D:2      | 1133 ||| INVOKING Spit Poison.
  1137 | D:2      | 1137 ||| INVOKING Spit Poison.
  1139 | D:2      | 1139 ||| DROPPING ring of wizardry.
  1140 | D:2      | HP: 8/32 [Sigmund/+3 scythe of venom (2)]
  1141 | D:2      | 1141 ||| DRINKING 2 potions of curing.
  1141 | D:2      | 1141 ||| (to cure poison)
  1145 | D:2      | Slain by Sigmund

Levels and vault maps discovered:
D:1:      matt_arrival_diagonals, layout_basic, minmay_lizard_king
D:2:      minmay_roachtagon, layout_basic, uniq_sigmund

Skill      XL: |  1 |
---------------+----+-----
Ranged Weapons | 4 |  4.8
Fighting       | |  2.0
Dodging        | |  1.5
Stealth        | |  1.5

Action                     || total
---------------------------++-------
   Fire: Shortbow          ||    44
         Orcbow            ||    14
Ability: Spit Poison       ||    32
    Use: Potion            ||     2
         Scroll            ||     1
 Armour: Leather armour    ||     8
  Dodge: Dodged            ||    12

Table legend:
 A = Non-vault XP
 B = Vault XP
 C = Vault XP percentage of total XP
 D = Non-vault monster count
 E = Vault monster count
 F = Vault count percentage of total count
                 A         B        C        D         E       F
            +---------+---------+-------+---------+---------+-------
      Total |      58 |       5 |   7.9 |      35 |       5 |  12.5
            +---------+---------+-------+---------+---------+-------
        D:1 |      49 |       5 |   9.3 |      29 |       5 |  14.7
        D:2 |       9 |       0 |   0.0 |       6 |       0 |   0.0
            +---------+---------+-------+---------+---------+-------
